 Dungeon Crawl Stone Soup version 0.20.0-10-g0535bb4 (webtiles) character file.

160 Lexie the Cudgeler (level 5, -7/33 HPs)
             Began as a Gargoyle Fighter on June 6, 2017.
             Mangled by an ogre
             ... wielding a +0 giant club
              (23 damage)
             ... on level 3 of the Dungeon.
             The game lasted 00:04:10 (2348 turns).

Lexie the Cudgeler (Gargoyle Fighter)               Turns: 2348, Time: 00:04:10

Health: -7/33      AC: 10    Str: 20    XL:     5   Next: 41%
Magic:  5/5        EV:  7    Int:  9    God:
Gold:   118        SH:  9    Dex:  9    Spells: 4/4 levels left

rFire    . . .     SeeInvis .   v - +2 whip (elec)
rCold    + . .     Gourm    .   c - +0 shield
rNeg     + + .     Faith    .   b - +0 scale mail
rPois    ∞         Spirit   .   (no helmet)
rElec    +         Reflect  .   (no cloak)
rCorr    .         Harm     .   (no gloves)
MR       .....                  (no boots)
Stlth    ..........             (no amulet)
Regen    0.2/turn               k - ring of protection from cold
MPRegen  0.1/turn               u - ring of positive energy

@: no status effects
A: negative energy resistance 1, electricity resistance, unbreathing,
petrification resistance, rot immunity, AC +4
a: no special abilities


You were on level 3 of the Dungeon.
You were not hungry.

You visited 1 branch of the dungeon, and saw 4 of its levels.

You collected 118 gold pieces.

Inventory:

Hand Weapons
 a - a +0 flail
 v - a +2 whip of electrocution (weapon)
Armour
 b - a +0 scale mail (worn)
 c - a +0 shield (worn)
Jewellery
 k - a ring of protection from cold (left hand)
 u - a ring of positive energy (right hand)
Wands
 r - a wand of confusion (23/48)
Scrolls
 g - a scroll of enchant weapon {unknown}
 h - 3 scrolls of identify {unknown}
 i - a scroll of immolation {unknown}
 p - a scroll of magic mapping {unknown}
 t - a scroll of enchant armour {unknown}
Potions
 d - 3 potions of might
 e - 2 potions of agility {unknown}
 j - a potion of ambrosia {unknown}
 l - 3 potions of curing {unknown}
 m - a potion of lignification {unknown}
 n - a potion of resistance {unknown}
Comestibles
 f - 3 bread rations
 o - 2 fruits
 q - a royal jelly
 s - 4 chunks of flesh
 w - a meat ration


   Skills:
 + Level 4.2 Fighting
 * Level 4.2 Maces & Flails
 - Level 3.2 Armour
 + Level 4.1 Shields


You had 4 spell levels left.
You didn't know any spells.

Dungeon Overview and Level Annotations

Branches:
Dungeon (4/15)
 Temple: D:4-7

Altars:
Gozag

Annotations:
D:2 Sigmund, Terence
D:3 Ijyb


Innate Abilities, Weirdness & Mutations

You are resistant to torment.
Your stone body is resilient. (AC +4)
You are immune to poison.
You resist negative energy. (rN+)
You are resistant to electric shocks. (rElec)
You can survive without breathing.
You are immune to petrification.
You are immune to rotting.


Message History

You whack the ogre!
The ogre is moderately wounded.
The ogre hits you with a giant club.
You barely miss the ogre.
The ogre is moderately wounded.
You block the ogre's attack.
You barely miss the ogre.
The ogre is moderately wounded.
Ijyb hits you but does no damage.
There is a stone staircase leading up here.
The ogre hits you with a giant club! Ijyb hits you but does no damage.
You block the iguana's attack.
Some of the chunks of flesh in your inventory have rotted away.
You climb upwards.
There is a stone staircase leading down here.
You barely miss the ogre.
The ogre is moderately wounded.
You block Ijyb's attack. The ogre hits you with a giant club!!
Ouch! That really hurt!
You die...

.## #####.###.#....#.# #...# #.#
#.........#..#.#.# #...# .##
#.......###......######...###
..###.......# ##.#.##............
.#.##.......# #.#...............
.##.#.......####.####............
.##)#..............########...###
.##.#........###O#.# #...#
.#.#########.###@#.# #...#
..###### #.##lg#[# #...#
.###...#####.##.##.# #...### .#
#.#.....#.##.##.########...... .#
#...###.#......(...[.##.....##
.####.## #.####.#.#####.##.).<.##
......# #......#.#####.#..>....#
####### ########.##............#
#.##.##.##.......


You could see an ogre, Ijyb and an iguana.

Vanquished Creatures
  An iguana (D:4)
  4 adders
  An adder zombie (D:3)
  2 worms (D:3)
  A dart slug (D:1)
  3 leopard geckos
  11 orcs (D:3)
  8 bats
  2 giant cockroaches (D:3)
  6 goblins
  4 hobgoblins
  9 jackals
  9 kobolds
  6 frilled lizards
  5 rats
72 creatures vanquished.

Notes
Turn   | Place    | Note
-------+----------+-------------------------------------------
     0 | D:1      | Lexie the Gargoyle Fighter began the quest for the Orb.
     0 | D:1      | Reached XP level 1. HP: 14/14 MP: 1/1
   201 | D:1      | Reached XP level 2. HP: 19/19 MP: 2/2
   679 | D:1      | Reached XP level 3. HP: 21/23 MP: 3/3
   860 | D:2      | Noticed Sigmund
   937 | D:2      | Found a faded altar of an unknown god.
  1211 | D:2      | Noticed Terence
  1341 | D:2      | Reached XP level 4. HP: 29/29 MP: 4/4
  1721 | D:3      | Found an opulent altar of Gozag.
  2043 | D:3      | Reached XP level 5. HP: 29/33 MP: 5/5
  2338 | D:4      | Noticed Ijyb
  2338 | D:4      | Noticed an ogre
  2348 | D:3      | Mangled by an ogre

Skill      XL: |  1  2  3  4  5 |
---------------+----------------+-----
Maces & Flails | 3 4 |  4.2
Fighting       | 4 |  4.2
Shields        | 4 |  4.1
Armour         | |  3.2

Action                   |  1- 3 |  4- 6 || total
-------------------------+-------+-------++-------
Melee: Flail             |   124 |   133 ||   257
       Whip              |       |    23 ||    23
  Eat: Chunk             |     2 |     3 ||     5
Armor: Scale mail        |    78 |   105 ||   183
Dodge: Dodged            |    61 |    63 ||   124
Block: Shield            |    86 |   107 ||   193
